 Seeded DCSS version 0.30.0-30-g96aa6591b8 (webtiles) character file.

Game seed: 6351066067085065685 (custom seed)

3199 Esekla the Reanimator (level 9, -4/45 HPs)
             Began as a Deep Elf Necromancer on June 28, 2023.
             Was a Priest of Vehumet.
             Slain by a two-headed ogre
             ... wielding a +0 giant club
              (19 damage)
             ... on level 7 of the Dungeon.
             The game lasted 00:41:28 (6728 turns).

Esekla the Reanimator (Deep Elf Necromancer)        Turns: 6728, Time: 00:41:28

Health: -4/45      AC:  5    Str:  5    XL:     9   Next: 64%
Magic:  18/24      EV: 14    Int: 25    God:    Vehumet [***...]
Gold:   398        SH:  0    Dex: 15    Spells: 13/26 levels left

rFire   . . .        a - +4 scimitar
rCold   . . .        (no shield)
rNeg    . . .        h - +0 robe
rPois   .            v - +0 helmet
rElec   .            I - +0 cloak
rCorr   .            j - +0 pair of gloves
SInv    .            (no boots)
Will    .....        A - amulet of magic regeneration
Stlth   +++          (no ring)
HPRegen 0.27/turn    (no ring)
MPRegen 0.59/turn

%: no passive effects
@: no status effects
A: no striking features
a: Renounce Religion


You were on level 7 of the Dungeon.
You worshipped Vehumet.
Vehumet was most pleased with you.
You visited 1 branch of the dungeon, and saw 8 of its levels.

You collected 398 gold pieces.

Inventory:

Hand Weapons
 a - a +4 scimitar (weapon)
 r - a +4 trident of venom
 s - a +2 vampiric dagger
Missiles
 o - 26 poisoned darts (quivered)
 t - 5 throwing nets
 L - 5 curare-tipped darts
Armour
 h - a +0 robe (worn)
 j - a +0 pair of gloves (worn)
 v - a +0 helmet (worn)
 I - a +0 cloak (worn)
 J - a +0 buckler
Jewellery
 A - an amulet of magic regeneration (around neck)
Wands
 f - a wand of roots (17)
 C - a wand of flame (10)
 H - a wand of mindburst (7)
Scrolls
 e - 3 scrolls of fear {unknown}
 k - 2 scrolls of amnesia {unknown}
 l - a scroll of enchant armour {unknown}
 n - a scroll of magic mapping {unknown}
 p - 5 scrolls of blinking {unknown}
 q - 2 scrolls of fog {unknown}
 u - a scroll of silence {unknown}
 x - 3 scrolls of enchant weapon {unknown}
 z - a scroll of summoning {unknown}
 D - a scroll of immolation {unknown}
 E - 2 scrolls of teleportation {unknown}
 F - a scroll of identify
 G - 2 scrolls of poison {unknown}
 K - 3 scrolls of noise {unknown}
Potions
 b - a potion of magic
 d - 2 potions of ambrosia
 g - 6 potions of attraction
 i - 6 potions of curing
 m - 2 potions of haste
 w - a potion of mutation
 y - 3 potions of brilliance
 B - a potion of lignification


   Skills:
 - Level 0.1 Fighting
 + Level 4.2 Short Blades
 + Level 1.2 Throwing
 * Level 6.0 Dodging
 + Level 5.3 Stealth
 * Level 0.7 Shields
 * Level 9.4 Spellcasting
 * Level 3.7 Conjurations
 * Level 9.9 Necromancy
 + Level 3.6 Translocations
 + Level 1.1 Evocations


You had 13 spell levels left.
You knew the following spells:

 Your Spells              Type           Power      Damage    Failure   Level
a - Necrotise             Necr           100%       1d9       1%          1
b - Fulminant Prism       Conj/Hex       10%        3d9       7%          4
d - Vampiric Draining     Necr           57%        2d10      1%          3
e - Searing Ray           Conj           60%        2d6       1%          2
t - Teleport Other        Tloc           29%        N/A       3%          3

Your spell library contained the following spells:

 Spells                   Type           Power      Damage    Failure   Level
 Lesser Beckoning         Tloc           58%        N/A       1%          2
 Animate Dead             Necr           57%        N/A       1%          4
 Agony                    Necr           57%        N/A       2%          5
 Gell's Gravitas          Tloc           29%        N/A       3%          3
 Spider Form              Tmut/Pois      11%        N/A       16%         3
 Cause Fear               Hex            5%         N/A       45%         4
 Summon Mana Viper        Hex/Summ       11%        N/A       82%         5


Dungeon Overview and Level Annotations

Branches:
Dungeon (8/15)             Temple (0/1) D:6
   Lair: D:8-11

Altars:
Dithmenos
Fedhas
Hepliaklqana
Okawaru
Qazlal
Trog
Vehumet
Zin
The Shining One

Shops:
D:2 =   D:4 (


Message History

There is a stone staircase leading down here.
You climb downwards.
The two-headed ogre shouts in stereo!
The orc shouts!
You hear a shout!
The orc shouts!
You hear a shout! x4
An orc comes into view. It is wielding a +0 flail.
An orc comes into view. It is wielding a +0 hand axe.
Found 2 scrolls of identify and a potion of haste.
Found an escape hatch in the ceiling.
There is a stone staircase leading up here.
Casting: Vampiric Draining (safe; 1% risk of failure)
Confirm with . or Enter, or press ? or * to list all spells.
Aiming: Teleport Other (dangerous; 3% risk of failure)
Press: ? - help, Shift-Dir - straight line, f - two-headed ogre
Aim: a two-headed ogre, wielding two +0 giant clubs (chance to affect: 50%)
The two-headed ogre resists with some effort.
The two-headed ogre barely misses you. x2
The orc wizard points at you and mumbles some strange words.
The puff of flame hits you.
You climb upwards.
There is a stone staircase leading down here.
Casting: Teleport Other (dangerous; 3% risk of failure)
Confirm with . or Enter, or press ? or * to list all spells.
Aiming: Vampiric Draining (safe; 1% risk of failure)
Press: ? - help, Shift-Dir - straight line, f - two-headed ogre
Aim: a two-headed ogre, wielding two +0 giant clubs You draw life force from the two-headed ogre!
You feel life coursing into your body.
The two-headed ogre hits you with a +0 giant club.
The two-headed ogre closely misses you.
Casting: Vampiric Draining (safe; 1% risk of failure)
Confirm with . or Enter, or press ? or * to list all spells.
Aiming: Vampiric Draining (safe; 1% risk of failure)
Press: ? - help, Shift-Dir - straight line, f/p - two-headed ogre
Aim: a two-headed ogre, wielding two +0 giant clubs (moderately wounded)
You draw life force from the two-headed ogre!
You feel life coursing into your body.
The two-headed ogre hits you with a +0 giant club!!
Ouch! That really hurt!
The two-headed ogre hits you with a +0 giant club!!
You die...

#.# #.#...# #...# #.##
####...#.# #.### #..###
#......#.#####.#
##...####.#.##.#.......#
#########...##.#....#########
#.......###.##.#.########
#.......# #.##.#..).....#
#.......# #..O.(........#
#.......# ####@.........#
###.......#########.......#
................###.......#
...#............##........#
...#............##.......)#
...#.......)....##........#
##.+.........)..##........#
##.#.....###'#####........#
.#.......# #.#####.########


You could see a two-headed ogre.

Vanquished Creatures
  Pikel (D:6)
  Joseph (D:7)
  A wyvern (D:7)
  Menkaure (D:7)
  An ice beast (D:6)
  A sky beast (D:6)
  2 black bears
  2 ogres
  A centaur (D:7)
  A phantom (D:7)
  Blork the orc (D:6)
  2 kobold brigands
  A gnoll sergeant (D:7)
  A bullfrog (D:7)
  2 scorpions (D:5)
  3 wights (D:7)
  A gnoll bouda (D:4)
  6 hounds
  A jelly (D:6)
  Crazy Yiuf (D:7)
  A sleepcap (D:5)
  5 iguanas
  An orc wizard (D:7)
  16 gnolls
  9 adders
  4 white imps
  An ufetubus (D:6)
  A worm (D:4)
  3 dart slugs
  15 orcs
  6 ball pythons
  4 bats
  4 endoplasms
  8 goblins
  5 hobgoblins
  A quokka (D:1)
  4 frilled lizards
  14 kobolds
  A rat (D:2)
134 creatures vanquished.

Notes
Turn   | Place    | Note
-------+----------+-------------------------------------------
     0 | D:1      | Esekla the Deep Elf Necromancer began the quest for the
                  | Orb.
     0 | D:1      | Reached XP level 1. HP: 10/10 MP: 6/6
    89 | D:1      | Reached skill level 5 in Necromancy
   215 | D:1      | Reached XP level 2. HP: 14/15 MP: 8/8
   350 | D:4      | Found a radiant altar of Vehumet.
   354 | D:4      | Became a worshipper of Vehumet
   765 | D:3      | Found a stormy altar of Qazlal.
   788 | D:3      | Reached XP level 3. HP: 19/19 MP: 9/9
   806 | D:3      | Learned a level 3 spell: Vampiric Draining
   847 | D:3      | Found a hazy altar of Hepliaklqana.
   849 | D:3      | Found a bloodstained altar of Trog.
   855 | D:3      | Reached XP level 4. HP: 24/24 MP: 11/11
  1069 | D:3      | Identified the +5 rapier of the Hero {heavy, rN+ Dex+3}
  1226 | D:2      | Reached skill level 1 in Short Blades
  1227 | D:2      | Reached * piety under Vehumet
  1227 | D:2      | Offered knowledge of Kiss of Death by Vehumet.
  1302 | D:2      | Found Renulab's Jewellery Shop.
  1678 | D:2      | Noticed a black bear
  1979 | D:2      | Killed a black bear
  1980 | D:2      | Reached XP level 5. HP: 21/28 MP: 8/13
  2096 | D:2      | Found a faded altar of an unknown god.
  2322 | D:1      | Learned a level 3 spell: Teleport Other
  2559 | D:3      | Reached XP level 6. HP: 21/32 MP: 10/14
  2919 | D:4      | Found Ponaysk's Antique Weapon Boutique.
  3045 | D:4      | Found an iron altar of Okawaru.
  3058 | D:4      | Found a glowing silver altar of Zin.
  3079 | D:4      | Found a glowing golden altar of the Shining One.
  3124 | D:4      | Reached skill level 5 in Spellcasting
  3240 | D:4      | Reached skill level 1 in Translocations
  3381 | D:5      | Entered Level 5 of the Dungeon
  3389 | D:5      | Got the Parchment of the Lumpy Olives
  3442 | D:5      | Found a shadowy altar of Dithmenos.
  3556 | D:5      | Reached XP level 7. HP: 36/36 MP: 17/17
  3574 | D:5      | Reached ** piety under Vehumet
  3574 | D:5      | Offered knowledge of Searing Ray by Vehumet.
  3578 | D:5      | Learned a level 2 spell: Searing Ray
  4089 | D:5      | Reached skill level 1 in Conjurations
  4300 | D:6      | Noticed Blork the orc
  4444 | D:6      | Reached XP level 8. HP: 38/41 MP: 20/20
  4458 | D:6      | Found a blossoming altar of Fedhas.
  4561 | D:6      | Found a staircase to the Ecumenical Temple.
  4577 | D:6      | Offered knowledge of Dazzling Flash by Vehumet.
  4701 | D:6      | Noticed Pikel
  4709 | D:6      | Killed Pikel
  4710 | D:6      | Reached skill level 5 in Dodging
  4710 | D:6      | Reached skill level 5 in Stealth
  4937 | D:6      | Killed Blork the orc
  5404 | D:7      | Noticed Menkaure
  5410 | D:7      | Killed Menkaure
  5411 | D:7      | Reached XP level 9. HP: 42/45 MP: 23/23
  5576 | D:7      | Reached *** piety under Vehumet
  5620 | D:7      | Reached skill level 1 in Evocations
  5664 | D:7      | Found a runed translucent door.
  5665 | D:7      | Noticed Crazy Yiuf
  5674 | D:7      | Killed Crazy Yiuf
  6142 | D:7      | Noticed Joseph
  6216 | D:7      | Killed Joseph
  6464 | D:7      | Reached skill level 1 in Throwing
  6631 | D:8      | Offered knowledge of Fulminant Prism by Vehumet.
  6645 | D:7      | Learned a level 4 spell: Fulminant Prism
  6723 | D:8      | Noticed a two-headed ogre
  6728 | D:7      | Slain by a two-headed ogre

Illustrated notes

Levels and vault maps discovered:
D:1:      sevenhm_arrival_forest_fort_small_3, layout_rooms,
          chequers_serial_rivers_room_b, minmay_misc_feat_five
D:2:      layout_loops_ring, dreamdust_ecumenical_altar_angels_and_demons,
          serial_shops, shop
D:3:      layout_basic, grunt_temple_overflow_open, minmay_misc_feat_iff
D:4:      layout_basic, nicolae_overflow_quartered_altars, serial_shops,
          nicolae_diamond_shop
D:5:      layout_loops_ring, lemuel_doored_altar, minmay_misc_feat_rows,
          dreamdust_wishing_well
D:6:      layout_loops_cross, fedhas_altar_fruit_tree,
          minmay_temple_entry_glass, uniq_pikel, uniq_blork_the_orc
D:7:      layout_basic, uniq_menkaure, uniq_joseph, uniq_crazy_yiuf_cottage
D:8:      layout_basic, nicolae_uskayaw_dance_hall, serial_demonic,
          serial_demonic_d, serial_demonic_a, serial_demonic_c,
          serial_demonic_c, nicolae_diode_quadrants

Skill      XL: |  1  2  3  4  5  6  7  8  9 |
---------------+----------------------------+-----
Necromancy     | 5 6 7 8 9 |  9.9
Stealth        | 3 4 5 |  5.3
Dodging        | 3 4 5 6 |  6.0
Short Blades   | 1 2 3 4 |  4.2
Spellcasting   | 4 5 7 8 9 |  9.4
Translocations | 1 2 3 |  3.6
Conjurations   | 1 2 3 |  3.7
Evocations     | 1 |  1.1
Throwing       | 1 |  1.2
Fighting       | |  0.1
Shields        | |  0.7

Action                     |  1- 3 |  4- 6 |  7- 9 || total
---------------------------+-------+-------+-------++-------
  Melee: Short sword       |    10 |       |       ||    10
         Unarmed           |     9 |       |       ||     9
         Dagger            |    64 |     2 |     5 ||    71
         Rapier            |       |    75 |    83 ||   158
         Punch             |       |     1 |     1 ||     2
  Throw: Dart              |       |     8 |     7 ||    15
   Cast: Vampiric Draining |       |    30 |    42 ||    72
         Searing Ray       |       |       |    13 ||    13
         Teleport Other    |       |       |     2 ||     2
  Evoke: Wand              |       |       |    11 ||    11
    Use: Scroll            |     1 |     3 |     3 ||     7
         Potion            |     1 |       |     1 ||     2
   Stab: Sleeping          |     5 |     9 |     5 ||    19
         Distracted        |       |       |     3 ||     3
 Armour: Robe              |    13 |    18 |    18 ||    49
  Dodge: Dodged            |    50 |    67 |   128 ||   245
